AoeStats
← 三岁时就很 酷

Nomad

507737138Analyzed
4v4 RM · 12d ago on Sep 19, 2026· 59m 52s· 8 players
Game mode
Random Map
Map size
231×231
Population
200
Speed
Normal
Resources
Standard
Victory
Conquest
Starting age
Dark Age
Ending age
Imperial Age
RankedLock teamsTeams togetherTeam positionsShared explorationLock speedFull tech treeHidden civsTurbo modeCheats
Victory
Defeat
🇨🇱 Huns · Chile
939
+15
🇬🇧 Mapuche · United Kingdom
908
+17
🇦🇺 Bohemians · Australia
900
+17
🇯🇵 Celts · Japan
838
+18
🇭🇰 Jurchens · Hong Kong SAR China
950
-18
🇨🇳 Magyars · China
950
-18
🇨🇳 Teutons · China
947
-18
🇩🇰 Huns · Denmark
828
-13
noremorse
7:36 Loom
17:32 Feudal Age
22:29 Castle Age
22:13 Horse Collar
27:35 Wheelbarrow
29:01 Hand Cart
30:11 Town Watch
32:40 Double-Bit Axe
33:00 Heavy Plow
37:05 Imperial Age
36:48 Wagenburg Tactics
38:06 Conscription
37:11 Elite Hussite Wagon
Konrad
5:42 Loom
15:02 Feudal Age
16:36 Wheelbarrow
15:48 Horse Collar
15:55 Double-Bit Axe
16:03 Gold Mining
20:27 Castle Age
21:22 Scale Barding Armor
21:28 Forging
21:15 Gold Mining
21:38 Bow Saw
22:02 Heavy Plow
22:06 Husbandry
22:58 Hand Cart
23:15 Bloodlines
25:04 Chain Barding Armor
25:55 Gold Shaft Mining
30:14 Imperial Age
31:35 Cavalier
33:09 Plate Barding Armor
33:10 Iron Casting
38:15 Paladin
41:48 Two-Man Saw
45:20 Blast Furnace
Biznatch
8:06 Loom
14:45 Feudal Age
15:45 Double-Bit Axe
19:11 Castle Age
18:11 Double-Bit Axe
18:08 Horse Collar
19:33 Fletching
19:44 Padded Archer Armor
21:05 Bow Saw
21:38 Gold Mining
21:45 Bodkin Arrow
22:06 Leather Archer Armor
29:15 Ballistics
32:08 Wheelbarrow
36:41 Imperial Age
36:46 Elite Bolas Rider
38:24 Ring Archer Armor
38:58 Chemistry
37:39 Treadmill Crane
38:48 Caravan
38:38 Pikeman
39:19 Scale Mail Armor
39:30 Forging
39:32 Murder Holes
40:46 Gold Shaft Mining
40:51 Conscription
40:59 Butalmapu
42:03 Heavy Plow
41:56 Stone Mining
49:18 Capped Ram
51:58 Crop Rotation
52:03 Stone Shaft Mining
53:34 Masonry
kokokun
12:49 Loom
20:33 Feudal Age
25:33 Castle Age
24:09 Horse Collar
24:25 Double-Bit Axe
25:53 Pikeman
26:24 Gambesons
26:53 Forging
26:44 Scale Mail Armor
27:34 Stone Mining
29:38 Wheelbarrow
29:06 Heavy Plow
29:21 Bow Saw
30:41 Hand Cart
30:37 Stronghold
32:29 Gold Mining
34:55 Chain Mail Armor
39:47 Stone Shaft Mining
42:32 Gold Shaft Mining
44:30 Imperial Age
41:53 Town Watch
41:52 Fishing Lines
43:08 Iron Casting
44:18 Arson
45:25 Furor Celtica
46:24 Chemistry
45:45 Ballistics
45:31 Siege Engineers
45:22 Murder Holes
46:13 Masonry
46:45 Plate Mail Armor
47:16 Blast Furnace
46:29 Siege Engineers
46:10 Treadmill Crane
46:16 Arrowslits
47:36 Onager
49:34 Town Patrol
51:45 Hoardings
50:49 Halberdier
51:01 Siege Onager
Garloc
3:26 Loom
16:52 Feudal Age
18:33 Wheelbarrow
17:44 Horse Collar
19:38 Fishing Lines
26:57 Castle Age
31:04 Marauders
32:43 Fletching
36:27 Caravan
37:08 Hand Cart
39:37 Forging
50:02 Hand Cart
52:22 Ballistics
52:13 Masonry
52:34 Double-Bit Axe
53:16 Bloodlines
52:27 Light Cavalry
54:30 Husbandry
三岁时就很 酷
5:25 Loom
15:57 Feudal Age
20:15 Castle Age
18:53 Double-Bit Axe
19:09 Horse Collar
23:55 Corvinian Army
26:38 Heavy Plow
30:49 Bow Saw
31:08 Gold Mining
31:11 Stone Mining
33:34 Wheelbarrow
34:43 Gold Shaft Mining
34:34 Fletching
34:44 Padded Archer Armor
36:08 Scale Barding Armor
36:20 Bloodlines
37:10 Hand Cart
37:30 Thumb Ring
37:52 Ballistics
39:00 Husbandry
39:24 Chain Barding Armor
39:19 Leather Archer Armor
38:59 Bodkin Arrow
43:52 Imperial Age
41:08 Town Watch
44:04 Bodkin Arrow
45:35 Conscription
44:58 Elite Magyar Huszar
46:24 Parthian Tactics
46:56 Crop Rotation
47:29 Two-Man Saw
50:09 Plate Barding Armor
50:55 Heavy Cavalry Archer
54:09 Bracer
000
17:59 Feudal Age
19:32 Horse Collar
21:55 Double-Bit Axe
25:17 Wheelbarrow
27:55 Castle Age
31:18 Scale Mail Armor
31:31 Forging
31:31 Heavy Plow
31:26 Stone Mining
31:27 Gold Mining
31:52 Bow Saw
31:37 Gold Mining
34:11 Chain Mail Armor
34:32 Iron Casting
33:57 Elite Skirmisher
35:30 Hand Cart
37:49 Padded Archer Armor
37:39 Fletching
40:46 Imperial Age
45:21 Elite Teutonic Knight
47:03 Plate Mail Armor
47:34 Blast Furnace
53:11 Pikeman
54:13 Leather Archer Armor
54:59 Blast Furnace
sainimu
4:51 Loom
14:21 Feudal Age
19:14 Town Watch
21:47 Castle Age
19:56 Double-Bit Axe
19:56 Horse Collar
24:44 Wheelbarrow
24:55 Bow Saw
26:38 Bloodlines
26:42 Forging
27:50 Bloodlines
27:41 Husbandry
31:46 Heavy Plow
41:19 Imperial Age
39:07 Scale Barding Armor
40:27 Hand Cart
41:42 Iron Casting
41:27 Chain Barding Armor
41:05 Gold Mining
41:06 Stone Mining
42:12 Heavy Rocket Cart
43:32 Murder Holes
45:05 Plate Barding Armor
53:34 Elite Fire Lancer
55:08 Arson
55:24 Squires
55:26 Scale Mail Armor
56:28 Blast Furnace
Connection lost

Rejoining the realm…

Still unreachable

The connection could not be restored.

Session expired

The server has moved on; the page needs a fresh start.